 Dungeon Crawl Stone Soup version 0.21.0-3-g78d12a8bdd (webtiles) character file.

11172 Livsi the Basher (level 11, 0/104 HPs)
             Began as a Minotaur Fighter on Jan 15, 2018.
             Slain by an anaconda (4 damage)
             ... on level 1 of the Snake Pit.
             The game lasted 00:55:27 (8837 turns).

Livsi the Basher (Minotaur Fighter)                 Turns: 8837, Time: 00:55:28

Health: 0/104      AC: 12    Str: 27 (28) XL:     11   Next: 45%
Magic:  10/10      EV: 10    Int:  5      God:    Xom [....*.]
Gold:   678        SH: 13    Dex: 11 (12) Spells: 10/10 levels left

rFire    + . .     SeeInvis .   n - +4 flail (holy)
rCold    . . .     Gourm    .   c - +0 shield
rNeg     . . .     Faith    .   p - +4 ring mail "Qaexoahy" {rF+ Str+3 Slay+3 Stlth-}
rPois    +         Spirit   .   (helmet unavailable)
rElec    .         Reflect  .   y - +0 cloak
rCorr    .         Harm     .   (no gloves)
MR       .....     Clarity  +   (no boots)
Stlth    ..........             i - amulet of regeneration
HPRegen  0.67/turn              w - +3 ring of dexterity
MPRegen  0.12/turn              (no ring)

@: lethally poisoned (0 -> 0), constricted
A: retaliatory headbutt, horns 3, blink, clarity, deterioration 2, poison
resistance, robust 1
a: Blink, Renounce Religion


You were on level 1 of the Snake Pit.
You worshipped Xom.
You were a beloved toy of Xom.
You were not hungry.

You visited 3 branches of the dungeon, and saw 11 of its levels.

You collected 678 gold pieces.

Inventory:

Hand Weapons
 a - a +1 war axe
 h - a +0 blowgun
 j - a +1 dagger of distortion
 k - a +1 shortbow of freezing
 n - a +4 flail of holy wrath (weapon)
 o - a +0 whip of electrocution
 t - a cursed -2 dagger
 u - a +0 blowgun
 v - a +0 dagger
 x - a +0 shortbow
 z - a +0 shortbow
 C - a cursed +1 battleaxe
 D - a cursed +3 falchion
 E - a +0 shortbow
 L - a cursed +0 longbow
Armour
 b - a +1 scale mail
 c - a +0 shield (worn)
 p - the +4 ring mail "Qaexoahy" (worn) {rF+ Str+3 Slay+3 Stlth-}
   (You found it on level 6 of the Dungeon)

   It affects your strength (+3).
   It affects your accuracy and damage with ranged weapons and melee attacks
   (+3).
   It protects you from fire.
   It makes you less stealthy.
 y - a +0 cloak (worn)
Magical Staves
 q - an uncursed staff of fire {unknown}
Jewellery
 i - an amulet of regeneration (around neck)
 w - a +3 ring of dexterity (left hand)
 A - an uncursed ring of fire
 I - an uncursed ring of ice
Wands
 m - a wand of flame (26)
 J - a wand of paralysis (17)
Scrolls
 g - 6 scrolls of remove curse
 B - 2 scrolls of teleportation
 F - 3 scrolls of fog
 K - a scroll of blinking
Potions
 d - 2 potions of might
 l - 2 potions of flight
 r - 3 potions of haste
 s - 2 potions of agility
Books
 e - a book of Party Tricks

   Spells                             Type                      Level
   a - Summon Butterflies             Summoning                    1
   b - Apportation                    Translocation                1
   c - Lesser Beckoning               Translocation                3
   d - Tukima's Dance                 Hexes                        3
   e - Alistair's Intoxication        Transmutation/Poison         5
   f - Invisibility                   Hexes                        6
 H - a book of Minor Magic

   Spells                             Type                      Level
   a - Magic Dart                     Conjuration                  1
   b - Blink                          Translocation                2
   c - Call Imp                       Summoning                    2
   d - Slow                           Hexes                        2
   e - Conjure Flame                  Conjuration/Fire             3
   f - Mephitic Cloud                 Conjuration/Poison/Air       3
Miscellaneous
 G - a lamp of fire (inert)
Comestibles
 f - 19 rations


   Skills:
 + Level 8.7 Fighting
 + Level 5.8(9.6) Axes
 + Level 11.6(12.1) Maces & Flails
 + Level 9.1 Armour
 + Level 6.5 Dodging
 + Level 2.1 Stealth
 + Level 11.2 Shields
 + Level 0.6 Evocations


You had 10 spell levels left.
You didn't know any spells.

Dungeon Overview and Level Annotations

Branches:
Dungeon (8/15)             Temple (0/1) D:6            Lair (2/6) D:8
  Snake (1/4) Lair:2
  Swamp: Lair:2-4    Shoals: Lair:2-4

Altars:
Ashenzari
Elyvilon
Fedhas
Nemelex Xobeh
Qazlal
Ru
Wu Jian
Xom
Yredelemnul

Annotations:
Snake:1 Louise


Innate Abilities, Weirdness & Mutations

You reflexively headbutt those who attack you in melee.
You have a pair of large horns on your head.
You can translocate small distances at will.
You possess an exceptional clarity of mind.
Your body often deteriorates upon taking damage.
Your system is resistant to poisons. (rPois)
You are robust. (+10% HP)


Message History

You escape the anaconda's grasp.
You feel sick.
The naga ritualist's toxic aura wanes.
Louise gestures wildly while chanting.
Louise blinks!
You block the anaconda's attack. The anaconda bites you!
* * * LOW HITPOINT WARNING * * *
You block the black mamba's attack. The anaconda grabs you.
The anaconda bites you but does no damage.
* * * LOW HITPOINT WARNING * * *
The anaconda constricts you.
You escape the anaconda's grasp.
You feel sick. You block the black mamba's attack.
The naga ritualist gestures wildly while chanting.
The naga ritualist begins to radiate toxic energy.
You are more poisoned.
You block the anaconda's attack.
The anaconda bites you but does no damage.
The anaconda grabs you. You block the anaconda's attack.
You die...
Xom cackles wildly!

### ###.#
####...##
##.......##
##.........##
#...@.....<.#
##.SSS.....##
#...........#
##.........#....
#N....@...# ...
..........#.# .
..S###.......#..
.....
##.....##...
.... ####### ..


You could see Louise, an anaconda, a naga ritualist, a mana viper and a black
mamba.

Vanquished Creatures
  The ghost of Anaz the Basher, a novice HuSk of Okawaru (D:6)
  The ghost of MalkierKing the Chopper, a novice MiBe of Trog (D:5)
  6 elephants (Lair:2)
  2 spiny frogs
  A komodo dragon (Lair:2)
  4 polar bears (Lair:1)
  Grinder (D:4)
  4 yaks (Lair:2)
  Grum (D:8)
  A naga (Lair:2)
  2 water moccasins
  6 porcupines
  2 orc warriors (D:6)
  An ice beast (D:5)
  A phantom (D:6)
  2 ogres
  14 wolves
  4 centaurs
  A big kobold (D:6)
  7 bullfrogs
  An elf zombie (D:8)
  Blork the orc (D:5)
  3 scorpions
  3 killer bees (D:7)
  7 wights (D:8)
  An electric eel (Lair:2)
  A crimson imp (D:7)
  2 jellies
  3 hounds
  4 human zombies (D:8)
  2 orc priests
  3 centaur skeletons
  An iguana (D:8)
  An orc wizard (D:6)
  6 worker ants
  3 mummies (D:8)
  A howler monkey zombie (D:7)
  12 gnolls
  A howler monkey skeleton (D:6)
  13 adders
  An ooze (D:1)
  2 adder skeletons
  2 worms
  7 leopard geckos
  25 orcs
  6 bats
  7 giant cockroaches
  4 goblins
  4 hobgoblins
  9 jackals
  26 kobolds
  A quokka (D:6)
  A ball python (D:2)
  5 frilled lizards
  2 jackal skeletons
  2 leopard gecko skeletons (D:4)
  A leopard gecko zombie (D:6)
  An orc skeleton (D:8)
  An orc zombie (D:8)
  A quokka skeleton (D:4)
  9 rats
  A butterfly (Lair:1)
  A fungus (D:8)
  2 plants (D:6)
252 creatures vanquished.

Vanquished Creatures (collateral kills)
  Edmund (D:4)
  2 wolves (Lair:2)
  2 orc wizards (D:6)
  3 kobolds (D:6)
8 creatures vanquished.

Grand Total: 260 creatures vanquished

Notes
Turn   | Place    | Note
-------+----------+-------------------------------------------
     0 | D:1      | Livsi the Minotaur Fighter began the quest for the Orb.
     0 | D:1      | Reached XP level 1. HP: 19/19 MP: 0/0
    79 | D:1      | Reached XP level 2. HP: 27/27 MP: 1/1
   820 | D:2      | Reached XP level 3. HP: 16/33 MP: 2/2
  1251 | D:2      | Found a shattered altar of Ashenzari.
  1481 | D:2      | Found a shimmering altar of Xom.
  1481 | D:2      | Found a shimmering altar of Xom.
  1484 | D:2      | Found a shimmering altar of Xom.
  1484 | D:2      | Found a shimmering altar of Xom.
  1491 | D:2      | Became a worshipper of Xom of Malicious Giggling
  1525 | D:2      | XOM: divination: magic mapping
  1737 | D:3      | XOM: divination: detect items
  1840 | D:3      | Reached XP level 4. HP: 38/40 MP: 3/3
  1990 | D:3      | Found an ornate altar of the Wu Jian Council.
  2027 | D:3      | XOM: divination: detect items
  2467 | D:3      | XOM: silly message
  2498 | D:4      | Found a blossoming altar of Fedhas.
  2736 | D:4      | Noticed Edmund
  2738 | D:4      | XOM: summons 2 friendly demons
  2744 | D:4      | Killed Edmund
  2744 | D:4      | Reached skill level 5 in Armour
  2744 | D:4      | Reached skill level 1 in Dodging
  2744 | D:4      | Reached XP level 5. HP: 40/47 MP: 4/4
  2826 | D:4      | Noticed Grinder
  2826 | D:4      | Paralysed by Grinder for 5 turns
  2832 | D:4      | XOM: enchant monster (good)
  2839 | D:4      | Killed Grinder
  2839 | D:4      | Reached skill level 5 in Shields
  2839 | D:4      | Reached XP level 6. HP: 48/53 MP: 5/5
  2850 | D:4      | Reached skill level 5 in Axes
  2879 | D:4      | Reached XP level 7. HP: 55/60 MP: 6/6
  2968 | D:4      | XOM: mild Pois miscast
  3015 | D:4      | XOM: medium Air miscast
  3274 | D:4      | Reached skill level 5 in Fighting
  3385 | D:5      | Entered Level 5 of the Dungeon
  3452 | D:5      | XOM: 3-stop teleportation journey
  3467 | D:5      | Found a sacrificial altar of Ru.
  3472 | D:5      | Noticed MalkierKing's ghost (novice MiBe)
  3487 | D:5      | XOM: scenery: create altars
  3491 | D:5      | Killed MalkierKing's ghost
  3491 | D:5      | Reached XP level 8. HP: 39/69 MP: 7/7
  3493 | D:5      | XOM: blink monster(s)
  3497 | D:5      | XOM: cleaving
  3675 | D:5      | Found a stormy altar of Qazlal.
  3930 | D:5      | XOM: potion effect (brilliance)
  4211 | D:5      | Noticed Blork the orc
  4223 | D:5      | Killed Blork the orc
  4278 | D:5      | XOM: harmless Summ miscast
  4324 | D:5      | Gained mutation: You are robust. (+10% HP) [potion of mutation]
  4324 | D:5      | Gained mutation: You have large cloven feet. [potion of mutation]
  4501 | D:6      | Got a crude ring mail
  4502 | D:6      | Identified the +4 ring mail "Qaexoahy" {rF+ Str+3 Slay+3 Stlth-} (You found it on level 6 of the Dungeon)
  4568 | D:6      | Reached skill level 5 in Maces & Flails
  4638 | D:6      | Found a staircase to the Ecumenical Temple.
  4738 | D:6      | XOM: 8-stop teleportation journey
  4783 | D:6      | Noticed Anaz's ghost (novice HuSk)
  4788 | D:6      | XOM: summons 6 friendly demons
  4803 | D:6      | Killed Anaz's ghost
  4803 | D:6      | Reached XP level 9. HP: 80/85 MP: 8/8
  4886 | D:6      | Reached skill level 1 in Stealth
  5047 | D:6      | XOM: 6-stop teleportation journey
  5151 | D:6      | XOM: summons 5 friendly demons
  5259 | D:6      | XOM: give mutations
  5259 | D:6      | Gained mutation: Your system is resistant to poisons. (rPois) [Xom's grace]
  5259 | D:6      | Gained mutation: You are agile. (Dex +2) [Xom's grace]
  5330 | D:6      | XOM: give mutations
  5330 | D:6      | Gained mutation: You possess an exceptional clarity of mind. [Xom's grace]
  5330 | D:6      | Gained mutation: You are very robust. (+20% HP) [Xom's grace]
  5399 | D:6      | Found a white marble altar of Elyvilon.
  5400 | D:6      | Found a sparkling altar of Nemelex Xobeh.
  5510 | D:7      | XOM: stealth player
  5558 | D:7      | XOM is BORED!
  5558 | D:7      | XOM: give mutations
  5558 | D:7      | Gained mutation: Your body sometimes deteriorates upon taking damage. [Xom's mischief]
  5558 | D:7      | Lost mutation: You are very robust. (+20% HP) [Xom's mischief]
  5558 | D:7      | Lost mutation: You are agile. (Dex +2) [Xom's mischief]
  5704 | D:7      | XOM: 2-stop teleportation journey
  6062 | D:8      | Reached XP level 10. HP: 94/94 MP: 9/9
  6068 | D:8      | Found a staircase to the Lair.
  6210 | D:8      | XOM: 1-stop teleportation journey
  6274 | D:8      | Noticed Grum
  6281 | D:8      | Killed Grum
  6375 | D:8      | Found a basalt altar of Yredelemnul.
  6465 | D:8      | XOM: give mutation
  6465 | D:8      | Gained mutation: You can translocate small distances at will. [Xom's grace]
  6592 | D:8      | XOM: scenery: create altars
  6749 | D:8      | Reached skill level 10 in Maces & Flails
  7044 | Lair:1   | Entered Level 1 of the Lair of Beasts
  7311 | Lair:1   | Reached skill level 5 in Dodging
  7589 | Lair:1   | XOM: give mutation
  7589 | Lair:1   | Gained mutation: You have a pair of large horns on your head. [Xom's mischief]
  7671 | Lair:1   | Noticed a spiny frog
  7676 | Lair:1   | Killed a spiny frog
  7787 | Lair:1   | XOM: confuse monster(s)
  7940 | Lair:2   | Reached skill level 10 in Shields
  8098 | Lair:2   | Reached XP level 11. HP: 23/104 MP: 10/10
  8136 | Lair:2   | Found a staircase to the Snake Pit.
  8162 | Lair:2   | XOM: give mutations
  8162 | Lair:2   | Gained mutation: You are weak. (Str -2) [Xom's mischief]
  8162 | Lair:2   | Gained mutation: Your body often deteriorates upon taking damage. [Xom's mischief]
  8162 | Lair:2   | Lost mutation: You have large cloven feet. [Xom's mischief]
  8162 | Lair:2   | Lost mutation: You are weak. (Str -2) [Xom's mischief]
  8237 | Lair:2   | XOM: summons 5 hostile demons
  8365 | Lair:2   | XOM: potion effect (heal wounds)
  8380 | Lair:2   | XOM: fake destruction
  8396 | Lair:2   | XOM: divination: detect items
  8540 | Lair:2   | XOM: cast spell 'Summon Mana Viper'
  8819 | Snake:1  | Entered Level 1 of the Snake Pit
  8823 | Snake:1  | Noticed an anaconda
  8824 | Snake:1  | Noticed a naga ritualist
  8825 | Snake:1  | Noticed Louise
  8826 | Snake:1  | Noticed a mana viper
  8835 | Snake:1  | HP: 4/104 [anaconda (3)]
  8837 | Snake:1  | Slain by an anaconda

Skill      XL: |  1  2  3  4  5  6  7  8  9 10 11 |
---------------+----------------------------------+-----
Shields        | 4 5 6 7 8 10 11 | 11.2
Fighting       | 4 5 6 7 8 |  8.7
Armour         | 4 5 6 7 8 9 |  9.1
Axes           | 3 4 5 |  5.8
Dodging        | 1 3 4 5 6 |  6.5
Maces & Flails | 3 6 9 11 | 11.6
Stealth        | 1 2 |  2.1
Evocations     | |  0.6

Action                   |  1- 3 |  4- 6 |  7- 9 | 10-12 || total
-------------------------+-------+-------+-------+-------++-------
Melee: War axe           |   127 |    72 |     3 |       ||   202
       Headbutt          |     9 |    10 |    57 |    51 ||   127
       Flail             |       |       |   291 |   185 ||   476
       Kick              |       |       |    53 |    43 ||    96
Evoke: Lamp of fire      |       |       |       |     1 ||     1
  Use: Potion            |     4 |     3 |     2 |     6 ||    15
       Scroll            |     6 |     2 |    11 |     5 ||    24
 Stab: Invisible         |       |       |       |     2 ||     2
       Confused          |       |       |       |     1 ||     1
  Eat: Ration            |     1 |     1 |     3 |     2 ||     7
       Chunk             |       |       |     2 |     1 ||     3
Armor: Scale mail        |    63 |    34 |    48 |       ||   145
       Ring mail         |       |       |    42 |    84 ||   126
Dodge: Dodged            |    33 |    23 |    81 |   138 ||   275
Block: Shield            |    83 |    36 |   177 |   215 ||   511
